 Dungeon Crawl Stone Soup version 0.13-a0-2739-gace2dc1 (webtiles) character file.

314 Gruud the Poker (level 4, -1/34 HPs)
             Began as a Djinni Warper on Aug 21, 2013.
             Was an Initiate of Nemelex Xobeh.
             Slain by a gnoll
             ... wielding a +0,+0 club
              (3 damage)
             ... on Level 3 of the Dungeon.
             The game lasted 00:11:17 (2408 turns).

Gruud the Poker (Djinni Warper)                     Turns: 2408, Time: 00:11:17

HP  -1/34        AC  6     Str 11      XL: 4   Next: 77%
MP   0/0         EV  9     Int 14      God: Nemelex Xobeh [......]
Gold 193         SH  0     Dex 13      Spells:  2 memorised,  4 levels left

Res.Fire  : + + +   See Invis. : .   a - +0 spear {=f}
Res.Cold  : . . .   Warding    : .   E - +0 orc ring mail
Life Prot.: + + +   Conserve   : +   (no shield)
Res.Poison: .       Res.Corr.  : .   (no helmet)
Res.Elec. : .       Clarity    : .   (no cloak)
Sust.Abil.: . .     Spirit.Shd : .   y - +0 pair of dwarf gauntlets
Res.Mut.  : .       Stasis     : .   (boots unavailable)
Res.Rott. : .       Flight     : .   B - amulet of conservation
Saprovore : . . .                    (no ring)
                                     s - ring of protection from cold

@: slightly resistant to hostile enchantments, extremely unstealthy
A: fire immunity, cold vulnerability, life protection 3
a: Renounce Religion


You were on level 3 of the Dungeon.
You worshipped Nemelex Xobeh.
Nemelex Xobeh was pleased with you.
You were not hungry.

You visited 1 branch of the dungeon, and saw 4 of its levels.

You collected 143 gold pieces.

Inventory:

Hand weapons
 a - a +0,+0 spear (weapon) {=f}
 d - a +1,+2 whip of electrocution
Missiles
 e - 14 darts (quivered)
 f - 10 darts of dispersal
 v - 4 needles of sleeping
Armour
 o - a +0 chain mail
 y - a +0 pair of dwarven gauntlets (worn)
 z - a +0 buckler
 C - a +1 buckler
 E - a +0 orcish ring mail (worn)
Scrolls
 g - 2 scrolls of identify
 h - a scroll of teleportation
 i - a scroll of magic mapping {unknown}
 l - a scroll of curse weapon {unknown}
 m - a scroll of fog {unknown}
 n - a scroll of curse armour {unknown}
 p - a scroll of recharging {unknown}
 r - 3 scrolls of remove curse
 t - 2 scrolls of random uselessness {unknown}
 u - a scroll of amnesia {unknown}
 D - a scroll of enchant weapon II {unknown}
Jewellery
 s - a ring of protection from cold (left hand)
 B - an amulet of conservation (around neck)
Potions
 b - a potion of cure mutation {unknown}
 j - a potion of curing {unknown}
 k - a potion of invisibility {unknown}
 q - a potion of speed {unknown}
 x - a potion of paralysis {unknown}
 A - a potion of heal wounds {unknown}
Books
 c - a book of Spatial Translocations

   Spells                             Type                      Level
   *Apportation                       Translocation                1
   Portal Projectile                  Translocation                2
   *Blink                             Translocation                2
   Shroud of Golubria                 Charms/Translocation         2
   Teleport Other                     Translocation                3
   Passage of Golubria                Translocation                4
Miscellaneous
 w - a plain deck of wonders


   Skills:
 - Level 1.7 Fighting
 * Level 5.4 Polearms
 - Level 0.8 Throwing
 - Level 1.1 Armour
 - Level 1.7 Dodging
 - Level 2.4 Spellcasting
 - Level 3.0 Translocations
 + Level 0.8 Evocations


You had 4 spell levels left.
You knew the following spells:

 Your Spells              Type           Power        Failure   Level  Hunger
a - Apportation           Tloc           ##........   12%         1    #......
b - Blink                 Tloc           N/A          17%         2    ###....


Dungeon Overview and Level Annotations

Branches:
Dungeon (4/27)
 Temple: D:4-7

Altars:
Nemelex Xobeh

Annotations
D:3 Sigmund


Innate Abilities, Weirdness & Mutations

You are immune to all types of fire, even holy and hellish.
You are vulnerable to cold.
You need no food.
You have no legs.
You are immune to negative energy.


Message History

You hit the gnoll but do no damage.
The gnoll is severely wounded.
You hit the gnoll but do no damage.
The gnoll is severely wounded.
The gnoll hits you with a club.
* * * LOW HITPOINT WARNING * * *
You hit the gnoll.
The gnoll is almost dead.
The gnoll hits you with a club.
* * * LOW HITPOINT WARNING * * *
You hit the gnoll but do no damage.
The gnoll is almost dead.
You closely miss the gnoll.
The gnoll is almost dead.
The gnoll hits you but does no damage.
You barely miss the gnoll.
The gnoll is almost dead.
The gnoll hits you with a club.
You die...
Your body disappears without a glow.

.....######.........##.#.###.# #
.....# #.........##...# #.#.#
###.## #.........####.# #.#.#.
#.# #.........# #...#..... #.#
###+####### #####.#### #.# ##.#
#.## #.# #.. #..## . ..#
####g######## ##..# .######
#.......@g..### #####'##
......###.............## #.......
......#.............#..# #.......
......#<#...........##.###.......
....<.# #......(....##..##.......
........###############..'.......
......### ####....... ......#
######## #######


You could see a gnoll and a hobgoblin (wandering).

Vanquished Creatures
  Ijyb (D:2)
  A gnoll (D:3)
  4 adders
  4 giant geckos
  3 orcs
  6 goblins
  8 hobgoblins
  6 kobolds
  8 bats
  5 giant cockroaches
  3 giant newts
  6 rats
55 creatures vanquished.

Notes
Turn   | Place    | Note
--------------------------------------------------------------
     0 | D:1      | Gruud, the Djinni Warper, began the quest for the Orb.
     0 | D:1      | Reached XP level 1. HP: 14/14 MP: 0/0
   141 | D:1      | Reached XP level 2. EP: 7/21
   824 | D:2      | Reached XP level 3. EP: 27/27
   873 | D:2      | Reached skill level 4 in Polearms
  1056 | D:2      | Noticed Ijyb
  1086 | D:2      | Killed Ijyb
  1106 | D:2      | Reached XP level 4. EP: 17/34
  1305 | D:2      | Found a sparkling altar of Nemelex Xobeh.
  1316 | D:2      | Became a worshipper of Nemelex Xobeh
  1387 | D:2      | Received a gift from Nemelex Xobeh
  1603 | D:2      | Reached skill level 5 in Polearms
  1905 | D:3      | Noticed Sigmund
  2239 | D:4      | Learned a level 2 spell: Blink
  2408 | D:3      | Slain by a gnoll

Action                   |  1- 3 |  4- 6 || total
-------------------------+-------+-------++-------
Melee: Spear             |   196 |   125 ||   321
Throw: Dart              |     5 |       ||     5
  Use: Scroll            |     3 |     2 ||     5
